 Dungeon Crawl Stone Soup version 0.30.1 (webtiles) character file.

Game seed: 8782157140291966399

264 BreadTh the Magician (level 5, 0/24 HPs)
             Began as a Spriggan Hedge Wizard on July 6, 2023.
             Slain by a bullfrog (3 damage)
             ... in a sewer.
             The game lasted 00:19:47 (3558 turns).

BreadTh the Magician (Spriggan Hedge Wizard)        Turns: 3558, Time: 00:19:47

Health: 0/24       AC:  4    Str:  6    XL:     5   Next: 98%
Magic:  3/14       EV: 14    Int: 18    God:
Gold:   196        SH:  0    Dex: 14    Spells: 14/15 levels left

rFire   . . .        a - +0 dagger
rCold   . . .        (no shield)
rNeg    . . .        n - +1 animal skin
rPois   .            c - +0 hat
rElec   .            e - +0 cloak
rCorr   +            (gloves unavailable)
SInv    +            (boots unavailable)
Will    .....        (no amulet)
Stlth   ++           r - ring of resist corrosion
HPRegen 0.24/turn    (no ring)
MPRegen 0.14/turn

%: no passive effects
@: constricted, very quick
A: very small, no large weapons, unfitting armour, see invisible, speed 3
a: no special abilities


You were in a sewer.
You visited 1 branch of the dungeon, and saw 3 of its levels.
You also visited: Sewer.

You collected 196 gold pieces.

Inventory:

Hand Weapons
 a - a +0 dagger (weapon)
 p - a +0 spear
Missiles
 g - 28 stones
 k - 13 poisoned darts (quivered)
Armour
 c - a +0 hat (worn)
 e - a +0 cloak (worn)
 n - a +1 animal skin (worn)
Jewellery
 r - a ring of resist corrosion (left hand)
Scrolls
 f - 2 scrolls of identify
 o - a scroll of teleportation
 s - a scroll of magic mapping
 t - a scroll of enchant armour {unknown}
Potions
 d - a potion of magic
 h - 2 potions of degeneration {unknown}
 i - 2 potions of curing
 j - a potion of haste {unknown}
 l - a potion of might {unknown}
 m - 2 potions of invisibility {unknown}
 q - a potion of heal wounds {unknown}


   Skills:
 - Level 3.0 Dodging
 - Level 3.0 Stealth
 + Level 5.7 Spellcasting
 * Level 3.5 Conjurations
 - Level 1.0 Summonings
 - Level 2.0 Translocations


You had 14 spell levels left.
You knew the following spells:

 Your Spells              Type           Power      Damage    Failure   Level
a - Magic Dart            Conj           68%        1d6       3%          1

Your spell library contained the following spells:

 Spells                   Type           Power      Damage    Failure   Level
 Blink                    Tloc           24%        N/A       9%          2
 Beastly Appendage        Tmut           10%        N/A       12%         1
 Sandblast                Erth           10%        2d5       12%         1
 Slow                     Hex            20%        N/A       12%         1
 Call Imp                 Summ           16%        N/A       12%         2
 Cigotuvi's Dreadful Rot  Necr/Pois/Air  10%        N/A       19%         2
 Passwall                 Tmut/Erth      4%         N/A       19%         2
 Wereblood                Tmut           5%         N/A       19%         2
 Stone Arrow              Conj/Erth      22%        3d8       19%         3
 Mephitic Cloud           Conj/Pois/Air  9%         N/A       22%         3
 Portal Projectile        Hex/Tloc       16%        N/A       24%         3
 Spider Form              Tmut/Pois      5%         N/A       36%         3
 Tukima's Dance           Hex            5%         N/A       36%         3
 Blade Hands              Tmut           2%         N/A       98%         5


Dungeon Overview and Level Annotations

Branches:
Dungeon (4/15)             Temple (0/1) D:4           Sewer (1/1)

Altars:

Shops:
D:1 !


Innate Abilities, Weirdness & Mutations

You are very small and have problems with some larger weapons.
You are too small for most types of armour.
You have supernaturally acute eyesight. (SInv)
You cover ground extremely quickly. (Speed+++)


Message History

The bullfrog attacks as you move away! The bullfrog barely misses you.
The bullfrog hits you! The bullfrog barely misses you.
Casting: Magic Dart (safe; 3% risk of failure)
Confirm with . or Enter, or press ? or * to list all spells.
Okay, then.
Casting: Magic Dart (safe; 3% risk of failure)
Confirm with . or Enter, or press ? or * to list all spells.
Aiming: Magic Dart (safe; 3% risk of failure)
Press: ? - help, Shift-Dir - straight line, f/p - bullfrog
Aim: a bullfrog (water, heavily wounded, 100% to hit)
The magic dart hits the bullfrog.
The bullfrog is severely wounded.
The bullfrog misses you. The bullfrog closely misses you.
The ball python misses you. The ball python barely misses you.
The bullfrog misses you.
Throw: 15 darts (poison)
Press: ? - help, Q - select action, (/) - cycle Shift-Dir - straight line, f/p - bullfrog
Aim: a bullfrog (water, severely wounded, 50% to hit)
You throw a poisoned dart. The poisoned dart hits the bullfrog.
The bullfrog is poisoned.
The bullfrog is severely wounded.
You hear a splash.
The bullfrog hits you.
* * * LOW HITPOINT WARNING * * *
The ball python bites you but does no damage.
The ball python grabs you. The ball python constricts you.
The bullfrog hits you but does no damage.
The bullfrog swells and bulges.
The bullfrog misses you.
Throw: 14 darts (poison)
Press: ? - help, Q - select action, (/) - cycle Shift-Dir - straight line, f/p - bullfrog
Aim: a bullfrog (water, severely wounded, poisoned, 50% to hit)
You throw a poisoned dart.
The poisoned dart barely misses the bullfrog.
You hear a splash.
The bullfrog completely misses you. The ball python misses you.
The ball python constricts you.
* * * LOW HITPOINT WARNING * * *
The bullfrog barely misses you. The bullfrog hits you.
You die...

###################
.#≈~≈≈≈~F~≈~≈≈≈~≈..###
..≈≈≈≈≈~F@~#~≈≈≈~~...##
..~~≈~~≈S~≈~~~≈~~~....#
..≈~~~~≈≈≈≈≈≈~~~~~....#
.†~~≈≈~≈≈≈≈≈≈~≈≈≈.....##
.#~≈≈≈≈≈≈≈≈≈≈≈≈≈≈......#
##################....#
####...## #..#....#
#.†+....#


You could see 2 bullfrogs and a ball python.

Vanquished Creatures
  Terence (D:2)
  Robin (D:2)
  4 gnolls (D:2)
  5 adders
  6 river rats
  2 worms
  A dart slug (D:1)
  9 ball pythons
  2 endoplasms
  3 giant cockroaches
  12 goblins
  4 hobgoblins
  4 jackals (D:1)
  6 kobolds
  2 quokkas
  2 bats (D:1)
  3 frilled lizards
  A quokka skeleton (D:2)
  28 rats
96 creatures vanquished.

Vanquished Creatures (collateral kills)
  A rat (Sewer)
1 creature vanquished.

Grand Total: 97 creatures vanquished

Notes
Turn   | Place    | Note
-------+----------+-------------------------------------------
     0 | D:1      | BreadTh the Spriggan Hedge Wizard began the quest for the
                  | Orb.
     0 | D:1      | Reached XP level 1. HP: 9/9 MP: 6/6
    11 | D:1      | Found Yhanol's Distillery.
   271 | D:1      | Reached skill level 1 in Conjurations
   280 | D:1      | Reached skill level 1 in Summonings
   280 | D:1      | Reached XP level 2. HP: 13/13 MP: 1/8
  1248 | D:1      | Reached XP level 3. HP: 15/16 MP: 6/9
  1398 | D:2      | Noticed Terence
  1577 | D:2      | Killed Terence
  1692 | D:2      | Identified the +0 helmet "Oroowal" {Int+3}
  1692 | D:2      | Noticed Robin
  1798 | D:2      | Reached XP level 4. HP: 10/21 MP: 4/11
  1864 | D:2      | Killed Robin
  2295 | D:2      | Reached skill level 5 in Spellcasting
  2709 | D:2      | Reached XP level 5. HP: 24/24 MP: 11/13
  2890 | D:2      | You fall into a shaft and drop 2 floors!
  3001 | D:4      | Found a glowing drain.
  3061 | Sewer    | Entered a sewer
  3412 | Sewer    | HP: 1/24 [adder (2)]
  3428 | Sewer    | HP: 1/24 [river rat (3)]
  3558 | Sewer    | Slain by a bullfrog

Illustrated notes

Levels and vault maps discovered:
D:1:      dpeg_arrival_water_temple_mockup, layout_basic, serial_shops,
          nicolae_shop_tiny_glass, kennysheep_crisscross, minivault_23
D:2:      minmay_wonky_spiral, layout_loops_ring, serial_undead,
          serial_undead_e, serial_undead_f, serial_undead_c, serial_undead_c,
          serial_undead_b, serial_undead_f, serial_undead_b,
          minmay_misc_feat_encased, chequers_garden, skrybe_limestone_x,
          uniq_terence, uniq_robin
D:4:      layout_basic, cheibrodos_ashenzari_chains,
          minmay_temple_entry_slanted, portal_sewer_entry_e,
          nicolae_ossuary_entry_false_entrances
Sewer:    sewer_minmay_w

Skill      XL: |  1  2  3  4  5 |
---------------+----------------+-----
Conjurations   | 1 2 3 |  3.5
Summonings     | 1 |  1.0
Translocations | 2 |  2.0
Dodging        | 3 |  3.0
Spellcasting   | 5 |  5.7
Stealth        | |  3.0

Action                     |  1- 3 |  4- 6 || total
---------------------------+-------+-------++-------
  Melee: Dagger            |    92 |   133 ||   225
         Punch             |     1 |     1 ||     2
  Throw: Dart              |     1 |     5 ||     6
   Cast: Magic Dart        |    78 |   161 ||   239
    Use: Scroll            |       |     9 ||     9
         Potion            |       |     3 ||     3
   Stab: Sleeping          |     1 |     1 ||     2
 Armour: Robe              |    16 |       ||    16
         Animal skin       |       |    27 ||    27
  Dodge: Dodged            |   101 |   170 ||   271
